 Dungeon Crawl Stone Soup version 0.28.0 (webtiles) character file.

Game seed: 11034590783909705295

473 issech the Cudgeller (level 6, 0/61 HPs)
             Began as a Troll Monk on Feb 17, 2022.
             Killed from afar by an orc wizard (11 damage)
             ... with a magic dart
             ... on level 4 of the Dungeon.
             The game lasted 00:12:26 (2535 turns).

issech the Cudgeller (Troll Monk)                   Turns: 2535, Time: 00:12:26

Health: 0/61       AC: 10    Str: 20    XL:     6   Next: 83%
Magic:  5/5        EV: 11    Int:  6    God:
Gold:   127        SH:  0    Dex: 14    Spells: 5/5 levels left

rFire   . . .      SeeInvis .   n - +4 club
rCold   . . .      Faith    .   (no shield)
rNeg    . . .      Spirit   .   o - +2 robe {Will+}
rPois   .          Reflect  .   s - +0 hat
rElec   .          Harm     .   (no cloak)
rCorr   .          Rampage  .   (gloves unavailable)
Will    +....                   (boots unavailable)
Stlth   ++........              (no amulet)
HPRegen 1.00/turn               l - +4 ring of protection
MPRegen 0.09/turn               (no ring)

@: no status effects
A: large, unfitting armour, claws 3, regeneration 1, shaggy fur 1, tough skin 1
a: no special abilities


You were on level 4 of the Dungeon.
You visited 1 branch of the dungeon, and saw 4 of its levels.

You collected 127 gold pieces.

Inventory:

Hand Weapons
 a - a +0 hunting sling
 n - a +4 club (weapon)
 r - a +0 dagger of venom
 t - a +3 short sword
Missiles
 e - 19 bolts
 i - 61 stones (quivered)
 k - 29 sling bullets
 m - 3 poisoned darts
 u - 6 boomerangs
Armour
 o - a +2 robe of willpower (worn)
 s - a +0 hat (worn)
 w - a +2 robe of willpower
Jewellery
 l - a +4 ring of protection (left claw)
Scrolls
 b - a scroll of teleportation {unknown}
 f - 2 scrolls of fog {unknown}
 j - 2 scrolls of identify {unknown}
 q - a scroll of enchant armour {unknown}
Potions
 c - a potion of lignification {unknown}
 d - a potion of might {unknown}
 g - 3 potions of curing {unknown}
 h - a potion of haste {unknown}
 p - a potion of degeneration {unknown}
 v - a potion of brilliance {unknown}


   Skills:
 + Level 3.2 Fighting
 + Level 5.0 Maces & Flails
 + Level 4.3 Dodging
 + Level 1.5 Stealth


You had 5 spell levels left.
You didn't know any spells.
Your spell library contained the following spells:

 Spells                   Type           Power      Damage    Failure   Level
 Slow                     Hex            0%         N/A       45%         1
 Confusing Touch          Hex            0%         N/A       83%         3
 Vampiric Draining        Necr           0%         2d6       83%         3


Dungeon Overview and Level Annotations

Branches:
Dungeon (4/15)
 Temple: D:4-7

Altars:

Shops:
D:3 (

Annotations:
D:4 Grinder


Innate Abilities, Weirdness & Mutations

You are too large for most types of armour.
You have claws for hands.
Your natural rate of healing is unusually fast.
You are covered in fur. (AC +1)
You have tough skin. (AC +1)


Message History

You hit Grinder.
Grinder is moderately wounded.
The necrophage hits you but does no damage.
Grinder hits you but does no damage.
You closely miss Grinder.
Grinder is moderately wounded.
The necrophage hits you.
* * * LOW HITPOINT WARNING * * *
Grinder barely misses you.
You hit the necrophage.
The necrophage is severely damaged.
The necrophage misses you. Grinder misses you.
You sock the necrophage!
You destroy the necrophage!
Grinder grins, showing sharp teeth.
Grinder hits you.
* * * LOW HITPOINT WARNING * * *
You writhe in agony.
* * * LOW HITPOINT WARNING * * *
Your life force feels restored.
Your Maces & Flails skill increases to level 5!
You hit something but do no damage. Grinder barely misses you.
Something hits you but does no damage.
You hit something. Grinder misses you. Something hits you but does no damage.
Unknown command.
You miss something. Your claw misses something.
Grinder blinks!
Something hits you but does no damage. Something hits you but does no damage.
You hear some strange, mumbled words.
Something tries to affect you, but you resist.
The iguana hisses angrily.
The orc wizard shouts!
You hear a shout!
The orc wizard points at you and mumbles some strange words.
The magic dart hits you!
* * * LOW HITPOINT WARNING * * *
The orc wizard gestures at you while chanting.
The magic dart hits you but does no damage.
A magic dart appears from out of thin air!
The magic dart hits you!
You die...

#..####.#####.#
#.# #.# #.#
####.#######
#....#.....#
#.####.###.#
####.####5#.#.#
#....@..{...#.#
#......l....#5#
#...........#†#
#...........#)#
#...........#.#
#...........#.#
#.oo........#.#
#..........##.#
#.#


You could see Grinder, an iguana, an orc wizard and an orc.

Vanquished Creatures
  Sigmund (D:2)
  A necrophage (D:4)
  Blork the orc (D:4)
  An orc priest (D:4)
  Jessica (D:1)
  3 adders
  4 dart slugs
  7 orcs (D:3)
  8 ball pythons
  4 bats (D:1)
  4 endoplasms
  3 giant cockroaches
  3 hobgoblins
  4 jackals
  3 quokkas
  4 frilled lizards
  3 goblins
  4 kobolds
  7 rats
66 creatures vanquished.

Vanquished Creatures (others)
  A plant (D:1)
1 creature vanquished.

Grand Total: 67 creatures vanquished

Notes
Turn   | Place    | Note
-------+----------+-------------------------------------------
     0 | D:1      | issech the Troll Monk began the quest for the Orb.
     0 | D:1      | Reached XP level 1. HP: 22/22 MP: 0/0
   306 | D:1      | Reached XP level 2. HP: 24/29 MP: 1/1
   363 | D:1      | Reached skill level 3 in Maces & Flails
   839 | D:2      | Noticed Sigmund
   975 | D:1      | Reached XP level 3. HP: 33/36 MP: 2/2
  1376 | D:2      | HP: 1/36 [something/magic dart (4)]
  1394 | D:2      | Noticed Jessica
  1448 | D:1      | Killed Jessica
  1449 | D:1      | Reached XP level 4. HP: 33/44 MP: 3/3
  1475 | D:2      | Killed Sigmund
  1476 | D:2      | Reached skill level 4 in Maces & Flails
  1476 | D:2      | Reached XP level 5. HP: 30/53 MP: 4/4
  1884 | D:3      | Found Meiliffo's Weapon Emporium.
  2022 | D:3      | Reached XP level 6. HP: 58/61 MP: 5/5
  2253 | D:3      | Found a faded altar of an unknown god.
  2407 | D:4      | Noticed Blork the orc
  2427 | D:4      | Killed Blork the orc
  2482 | D:4      | Noticed Grinder
  2509 | D:4      | Paralysed by Grinder for 7 turns
  2521 | D:4      | Reached skill level 5 in Maces & Flails
  2535 | D:4      | Killed from afar by an orc wizard

Illustrated notes

Levels and vault maps discovered:
D:1:      wander_arrival_fairy_ring, layout_basic, serial_aquarium,
          aquarium_bridge_straight [aquarium_subvault_bridge,
          aquarium_subvault_window, aquarium_subvault_bridge,
          aquarium_subvault_wall], aquarium_bridge_straight
          [aquarium_subvault_bridge, aquarium_subvault_balcony,
          aquarium_subvault_bridge, aquarium_subvault_window],
          aquarium_window_1, aquarium_window_corridor_2, aquarium_window_fake,
          aquarium_view_2a, aquarium_view_2f, aquarium_pool_2
D:2:      layout_basic, uniq_sigmund, uniq_jessica
D:3:      layout_rooms, serial_shops, nicolae_shop_statue_plus,
          hellmonk_ecumenical_altar_crossroads
D:4:      layout_basic, wad_rectangle_vault, uniq_grinder, uniq_eustachio,
          uniq_blork_the_orc

Skill      XL: |  1  2  3  4  5  6 |
---------------+-------------------+-----
Maces & Flails | 3 4 5 |  5.0
Dodging        | 3 4 |  4.3
Fighting       | 3 |  3.2
Stealth        | |  1.5

Action                   |  1- 3 |  4- 6 || total
-------------------------+-------+-------++-------
Melee: Mace              |   172 |       ||   172
       Punch             |     2 |     2 ||     4
       Club              |       |   119 ||   119
 Stab: Distracted        |       |     1 ||     1
       Sleeping          |       |     2 ||     2
Armor: Robe              |   158 |    39 ||   197
       Skin              |       |     2 ||     2
Dodge: Dodged            |   229 |    79 ||   308
